 Dungeon Crawl Stone Soup version 0.26-a0-610-g3e9335b (webtiles) character file.

Game seed: 2455530667818052186

124 B1Gdaddy5 the Skirmisher (level 5, -1/85 HPs)
             Began as an Ogre Berserker on Sept 3, 2020.
             Was a Believer of Trog.
             Slain by a gnoll
             ... wielding a +0 spear
              (3 damage)
             ... on level 3 of the Dungeon.
             The game lasted 00:10:50 (2227 turns).

B1Gdaddy5 the Skirmisher (Ogre Berserker)           Turns: 2227, Time: 00:10:50

Health: -1/85      AC: 22    Str: 22    XL:     5   Next: 8%
Magic:  5/5        EV:  1    Int:  8    God:    Trog [**....]
Gold:   100        SH: 12    Dex:  8    Spells: 4/4 levels left

rFire    . . .     SeeInvis .   a - +0 hand axe
rCold    . . .     Faith    .   l - +1 tower shield {rPois}
rNeg     + + +     Spirit   .   (armour currently unavailable)
rPois    +         Reflect  .   (helmet currently unavailable)
rElec    .         Harm     .   (cloak currently unavailable)
rCorr    .         NoTele   +   (gloves unavailable)
MR       .....                  (boots unavailable)
Stlth    +.........             (no amulet)
HPRegen  0.24/turn              (no ring)
MPRegen  0.09/turn              (no ring)

@: tree-form, berserk cooldown, slowed, very slow
A: large, unfitting armour
a: Berserk, Trog's Hand, Renounce Religion


You were on level 3 of the Dungeon.
You worshipped Trog.
Trog was pleased with you.
You were a tree.
You visited 1 branch of the dungeon, and saw 3 of its levels.

You collected 100 gold pieces.

Inventory:

Hand Weapons
 a - a +0 hand axe (weapon)
 k - a +0 hand axe
Armour
 b - a +0 animal skin (melded)
 f - a +0 helmet
 l - a +1 tower shield of poison resistance (worn)
 n - a +0 pair of gloves
Scrolls
 e - 2 scrolls of enchant armour {unknown}
 j - a scroll of fog {unknown}
 m - a scroll of enchant weapon {unknown}
 o - 3 scrolls of identify {unknown}
 p - a scroll of amnesia {unknown}
 q - a scroll of blinking {unknown}
 s - a scroll of teleportation {unknown}
Potions
 c - 2 potions of might {unknown}
 d - a potion of haste {unknown}
 g - 2 potions of curing {unknown}
 h - 2 potions of flight {unknown}
 i - 2 potions of invisibility {unknown}
 r - a potion of lignification


   Skills:
 + Level 5.4 Fighting
 + Level 4.0 Axes
 + Level 3.6 Dodging
 - Level 0.1 Stealth


You had 4 spell levels left.
You didn't know any spells.
Your spell library was empty.

Dungeon Overview and Level Annotations

Branches:
Dungeon (3/15)

Altars:
Fedhas


Innate Abilities, Weirdness & Mutations

You are too large for most types of armour.
((You have tough skin. (AC +1)))


Message History

You barely miss the gnoll.
The gnoll is severely wounded.
You block the gnoll's attack. The gnoll hits you with a +0 spear.
You closely miss the gnoll.
The gnoll is severely wounded.
You block the gnoll's attack. The gnoll hits you with a +0 spear.
* * * LOW HITPOINT WARNING * * *
You closely miss the gnoll.
The gnoll is severely wounded.
The gnoll hits you with a +0 spear!
* * * LOW HITPOINT WARNING * * *
You block the gnoll's attack.
You hit the gnoll.
The gnoll is severely wounded.
You block the gnoll's attack. The gnoll hits you with a +0 spear!
* * * LOW HITPOINT WARNING * * *
It was a potion of lignification.
You turn into a tree.
Your +0 animal skin melds into your body.
Your roots penetrate the ground.
The gnoll hits you with a +0 spear.
You die...

#### ..# ...
#.# #g# #♣#
#)# #)# #+#
#.# #.# #.#
#.#
#.######.##
#.........##
##.##......#
#.##.#...##


You could see a gnoll.

Vanquished Creatures
  An orc wizard (D:3)
  3 gnolls (D:3)
  An adder (D:2)
  2 worms (D:2)
  A leopard gecko (D:1)
  2 orcs (D:3)
  4 giant cockroaches
  6 goblins
  6 hobgoblins
  6 bats
  8 frilled lizards
  8 kobolds
  3 rats
51 creatures vanquished.

Vanquished Creatures (others)
  An adder (D:3)
1 creature vanquished.

Grand Total: 52 creatures vanquished

Notes
Turn   | Place    | Note
-------+----------+-------------------------------------------
     0 | D:1      | B1Gdaddy5 the Ogre Berserker began the quest for the Orb.
     0 | D:1      | Reached XP level 1. HP: 24/24 MP: 1/1
   311 | D:1      | Reached XP level 2. HP: 33/33 MP: 2/2
  1396 | D:2      | Found a blossoming altar of Fedhas.
  1413 | D:2      | Reached XP level 3. HP: 38/40 MP: 3/3
  1674 | D:2      | Reached ** piety under Trog
  2060 | D:3      | Reached skill level 5 in Fighting
  2060 | D:3      | Reached XP level 4. HP: 50/50 MP: 4/4
  2217 | D:3      | Reached XP level 5. HP: 57/57 MP: 5/5
  2226 | D:3      | HP: 1/57 [gnoll/+0 spear (7)]
  2227 | D:3      | Slain by a gnoll

Illustrated notes

Levels and vault maps discovered:
D:1:      wheals_arrival_shading, layout_loops_ring
D:2:      layout_rooms, nicolae_overflow_hidden_temple, serial_park_tiny_pond,
          minmay_pentomino_z2
D:3:      layout_loops_corners, fiery_altar_vehumet, evilmike_ruin_ashenzari

Skill      XL: |  1  2  3  4 |
---------------+-------------+-----
Dodging        | 3 |  3.6
Fighting       | 5 |  5.4
Axes           | 4 |  4.0
Stealth        | |  0.1

Action                   |  1- 3 |  4- 6 || total
-------------------------+-------+-------++-------
Melee: Hand axe          |   144 |    45 ||   189
Invok: Berserk           |     4 |     1 ||     5
  Use: Potion            |       |     1 ||     1
 Stab: Sleeping          |     1 |       ||     1
Armor: Animal skin       |    33 |    11 ||    44
Dodge: Dodged            |    64 |     9 ||    73
Block: Tower shield      |    38 |    30 ||    68

Table legend: (Time is in decaauts)
 A = Elapsed time spent in this place.
 B = Non-inter-level travel time spent in this place.
 C = Inter-level travel time spent in this place.
 D = Time resting spent in this place.
 E = Time spent auto-exploring this place.
 F = Levels seen in this place.
 G = Mean time per level.
                   A        B        C        D        E       F      G
               +--------+--------+--------+--------+--------+-----+--------+
         Total |   2298 |   2248 |     50 |    546 |    963 |   3 |  766.0 |
       Dungeon |   2298 |   2248 |     50 |    546 |    963 |   3 |  766.0 |
               +--------+--------+--------+--------+--------+-----+--------+

Top non-repeatable levels by time:
     D:1: 1359 daAuts
     D:2: 736 daAuts
     D:3: 202 daAuts
